 Dungeon Crawl Stone Soup version 0.31-a0-691-g409c26aa35 (webtiles) character file.

Game seed: 18293626229742612694

6218 qw the Skirmisher (level 10, -3/66 HPs)
             Began as a Gargoyle Hunter on Sept 6, 2023.
             Was a Follower of Okawaru.
             Killed from afar by an efreet (10 damage)
             ... with a fireball
             ... on level 9 of the Dungeon.
             The game lasted 00:03:34 (6927 turns).

qw the Skirmisher (Gargoyle Hunter)                 Turns: 6927, Time: 00:03:35

Health: -3/66      AC: 20    Str: 15    XL:     10   Next: 92%
Magic:  11/11      EV: 16    Int:  6    God:    Okawaru [*.....]
Gold:   201        SH:  0    Dex: 24    Spells: 9/9 levels left

rFire   . . .        r - +0 orcbow
rCold   . . .        (shield currently unavailable)
rNeg    + . .        h - +0 leather armour of Past Mistakes {Int-4 Dex+5}
rPois   inf          c - +2 helmet of Integrity {rPois Regen+ Dex+2 Slay+3}
rElec   +            m - +0 cloak
rCorr   .            g - +2 pair of gloves
SInv    .            p - +1 pair of boots
Will    .....        i - amulet of the acrobat
Stlth   ++           (no ring)
HPRegen 1.11/turn    (no ring)
MPRegen 0.12/turn

%: acrobat
@: no status effects
A: sickness immunity, AC +7, negative energy resistance 1, electricity
resistance, torment resistance 1, petrification resistance
a: Renounce Religion, Heroism


You were on level 9 of the Dungeon.
You worshipped Okawaru.
Okawaru was aware of your devotion.
You visited 2 branches of the dungeon, and saw 10 of its levels.
You also visited: Sewer.

You collected 659 gold pieces.
You spent 458 gold pieces at shops.


Innate Abilities, Weirdness & Mutations

You are immune to sickness and miasma.
Your stone body is resilient. (AC +7)
You are immune to poison.
You resist negative energy. (rN+)
You are resistant to electric shocks. (rElec)
You are resistant to unholy torment.
You are immune to petrification.


   Skills:
 - Level 9.0 Fighting
 + Level 12.2 Ranged Weapons
 - Level 3.4 Armour
 - Level 6.1 Dodging
 - Level 1.1 Stealth
 + Level 2.0 Invocations


You had 9 spell levels left.
You didn't know any spells.
Your spell library was empty.

Inventory:

Hand Weapons
 r - a +0 orcbow (weapon)
Armour
 c - the +2 helmet of Integrity (worn) {rPois Regen+ Dex+2 Slay+3}
   (You acquired it on level 3 of the Dungeon)

   Dex+2:     It affects your dexterity (+2).
   Slay+3:    It affects your accuracy & damage with ranged weapons and melee
   (+3).
   rPois:     It protects you from poison Regen+: It increases your rate of
   health regeneration.
 g - a +2 pair of gloves (worn)
 h - the +0 leather armour of Past Mistakes (worn) {Int-4 Dex+5}
   (You found it on level 5 of the Dungeon)

   Int-4:     It affects your intelligence (-4).
   Dex+5:     It affects your dexterity (+5).
 m - a +0 cloak (worn)
 p - a +1 pair of boots (worn)
Jewellery
 i - an amulet of the acrobat (around neck)
Scrolls
 a - 3 scrolls of identify
 l - 4 scrolls of teleportation
Potions
 b - 2 potions of curing
 d - 8 potions of enlightenment
 e - 2 potions of heal wounds
 f - 2 potions of might
 j - 2 potions of mutation
 k - a potion of resistance

Dungeon Overview and Level Annotations

Branches:
Dungeon (9/15)             Temple (1/1) D:7           Sewer (visited)
   Lair: D:8-11         Orc: D:9-12

Altars:
Ashenzari
Cheibriados
Elyvilon
Fedhas
Gozag
Hepliaklqana
Kikubaaqudgha
Makhleb
Nemelex Xobeh
Okawaru
Ru
Trog
Uskayaw
Vehumet
Wu Jian
Xom
Yredelemnul

Shops:
D:3 =   D:5 (***[*[   D:6 !

Annotations:
D:4 2 runed translucent doors


Message History

Your Invocations skill increases to level 2!
You shoot an arrow.
The arrow closely misses the tengu warrior.
You shoot an arrow. The arrow misses the tengu warrior.
The tengu warrior shoots a bolt.
The bolt hits you.
You shoot an arrow. The arrow hits the tengu warrior!
The tengu warrior is lightly wounded.
You shoot an arrow. The arrow hits the tengu warrior.
The tengu warrior is moderately wounded.
The tengu warrior shoots a bolt.
The bolt hits you!
You shoot an arrow. The arrow hits the tengu warrior!
The tengu warrior is heavily wounded.
The tengu warrior shoots a bolt.
The bolt hits you.
You shoot an arrow. The arrow hits the tengu warrior!
The tengu warrior is severely wounded.
You feel like a meek peon again.
The tengu warrior shoots a bolt.
The bolt hits you.
6897 ||| STAIRDANCE The efreet gestures at you.
The bolt of fire hits you but does no damage.
You climb upwards.
There is a stone staircase leading down here.
You start resting.
Magic restored.
You start resting.
HP restored.
What level of the Dungeon? (default 9, ? - help)
You climb downwards.
The centaur warrior shouts!
You hear a shout!
The centaur warrior wields a +0 shortbow.
The centaur warrior shoots an arrow.
The arrow hits you!!
The tengu warrior shoots a bolt.
The bolt hits you!
The centaur warrior shoots an arrow.
The arrow hits you!
There is a stone staircase leading up here.
6927 ||| STAIRDANCE The centaur warrior shoots an arrow.
The arrow barely misses you.
The tengu warrior shoots a bolt.
The bolt hits you!! The efreet gestures at you.
The fireball explodes!
The fireball engulfs you!
You die...

#. #..
##...############
..).)..@...R...0.
............0....
......Q..[.......
...######[[?.####
.. ..C..# !
......# Q......#
z...0c..#
.....0...#


You could see a tengu warrior, a centaur warrior, a cyclops and an efreet.

Vanquished Creatures
  Gastronok (D:8)
  A two-headed ogre (D:8)
  Pikel (D:7)
  4 yaks (D:8)
  A sky beast (D:2)
  A black bear (D:4)
  An ice beast (D:6)
  An ogre (D:6)
  2 centaurs (D:6)
  A phantom (D:5)
  5 bullfrogs
  A gnoll sergeant (D:7)
  2 necrophages (D:6)
  Blork the orc (D:4)
  3 scorpions
  13 wights
  A water moccasin zombie (D:6)
  4 howler monkeys (D:8)
  3 centaur zombies (D:6)
  A human zombie (D:6)
  2 bullfrog zombies (D:6)
  4 orc priests
  8 hounds
  A jelly (D:5)
  3 sleepcaps
  Terence (D:2)
  7 iguanas
  3 orc wizards
  Natasha (thrice) (D:4)
  A killer bee zombie (D:6)
  4 gnolls (D:7)
  11 adders
  4 river rats (Sewer)
  A shadow imp (D:4)
  3 white imps
  4 worms
  4 dart slugs
  15 orcs
  4 endoplasms
  4 giant cockroaches
  9 goblins
  4 hobgoblins
  8 jackals
  8 quokkas
  9 ball pythons
  8 bats
  6 frilled lizards
  5 kobolds
  2 rats (D:2)
194 creatures vanquished.

Vanquished Creatures (others)
  A scorpion (D:5)
1 creature vanquished.

Grand Total: 195 creatures vanquished

Notes
Turn   | Place    | Note
-------+----------+-------------------------------------------
     0 | D:1      | qw the Gargoyle Hunter began the quest for the Orb.
     0 | D:1      | Reached XP level 1. HP: 12/12 MP: 1/1
     0 | D:1      | 0 ||| qw: Version: 0.3-a-76-g4403597
     0 | D:1      | 0 ||| qw: Game counter: 33
     0 | D:1      | 0 ||| qw: Melee chars always use a shield: true
     0 | D:1      | 0 ||| qw: God list: Okawaru
     0 | D:1      | 0 ||| qw: Allow faded altars: false
     0 | D:1      | 0 ||| qw: Do Orc after clearing Dungeon:15 true
     0 | D:1      | 0 ||| qw: Do second Lair branch before Depths: true
     0 | D:1      | 0 ||| qw: Lair rune preference: random
     0 | D:1      | 0 ||| qw: Goals: Normal
     0 | D:1      | 0 ||| PLANNING D:1-11
   326 | D:1      | Reached XP level 2. HP: 17/17 MP: 2/2
   665 | D:1      | 665 ||| UPGRADING to +2 pair of gloves.
   670 | D:1      | 670 ||| READING 2 scrolls labelled PIKLON SEMUAM.
   671 | D:1      | 671 ||| READING scroll labelled KOFARU FUARO.
   672 | D:1      | 672 ||| READING scroll labelled VYQULI FOVAEF.
   673 | D:1      | 673 ||| READING 2 scrolls labelled TIUZYCR PEEWN.
   678 | D:1      | 678 ||| DRINKING 2 golden potions.
   679 | D:1      | 679 ||| DROPPING scroll of butterflies.
   680 | D:1      | 680 ||| DROPPING potion of degeneration.
   772 | D:2      | Reached XP level 3. HP: 21/21 MP: 3/3
   837 | D:2      | Reached skill level 5 in Ranged Weapons
  1092 | D:2      | Noticed Terence
  1106 | D:2      | Killed Terence
  1107 | D:2      | Reached skill level 3 in Fighting
  1107 | D:2      | Reached XP level 4. HP: 19/28 MP: 4/4
  1365 | D:2      | 1365 ||| READING scroll labelled ECWIXIDIES.
  1377 | D:3      | 1377 ||| STAIRDANCE
  1387 | D:3      | 1387 ||| STAIRDANCE
  1404 | D:2      | HP: 7/28 [goblin/+0 dagger (3)]
  1405 | D:2      | 1405 ||| READING scroll of teleportation.
  1518 | D:2      | 1518 ||| UPGRADING to +0 ring mail.
  1528 | D:2      | 1528 ||| DROPPING +0 leather armour.
  1532 | D:3      | Noticed a sky beast
  1535 | D:3      | 1535 ||| STAIRDANCE
  1573 | D:3      | 1573 ||| STAIRDANCE
  1599 | D:2      | Killed a sky beast
  1600 | D:2      | Reached skill level 3 in Armour
  1600 | D:2      | Reached XP level 5. HP: 23/32 MP: 5/5
  1657 | D:3      | Found a hide-covered altar of Uskayaw.
  1936 | D:3      | Found Cathrim's Jewellery Shoppe.
  1944 | D:3      | 1944 ||| SHOPLISTING amulet of faith (400 gold, have 154).
  1944 | D:3      | 1944 ||| SHOPLISTING amulet of regeneration (300 gold, have
                  | 154).
  1944 | D:3      | 1944 ||| SHOPLISTING amulet of the acrobat (300 gold, have
                  | 154).
  1944 | D:3      | 1944 ||| SHOPLISTING ring of resist corrosion (200 gold,
                  | have 154).
  1944 | D:3      | 1944 ||| SHOPLISTING ring of willpower (250 gold, have
                  | 154).
  1987 | D:3      | Reached XP level 6. HP: 30/37 MP: 6/6
  2311 | D:3      | 2311 ||| UPGRADING to amulet of the acrobat.
  2316 | D:3      | 2316 ||| READING scroll labelled ERUNEUFFOLOL.
  2317 | D:3      | 2317 ||| READING scroll labelled YQUS UG KOQIXY.
  2317 | D:3      | Identified a scroll of acquirement
  2317 | D:3      | 2317 ||| ACQUIRING +2 helmet of Integrity {rPois Regen+
                  | Dex+2 Slay+3}
  2317 | D:3      | Acquired the +2 helmet of Integrity {rPois Regen+ Dex+2
                  | Slay+3}
  2319 | D:3      | 2319 ||| UPGRADING to +2 helmet of Integrity {rPois Regen+
                  | Dex+2 Slay+3}.
  2324 | D:3      | 2324 ||| READING scroll labelled QEICO NES TOI.
  2325 | D:3      | 2325 ||| READING scroll labelled ELIETW YNEMIE.
  2428 | D:4      | Noticed Blork the orc
  2437 | D:4      | Killed Blork the orc
  2438 | D:4      | Reached skill level 6 in Ranged Weapons
  2453 | D:4      | Noticed Natasha
  2455 | D:4      | Killed Natasha
  2505 | D:4      | 2505 ||| FLEEEEING.
  2556 | D:4      | Noticed a black bear
  2575 | D:4      | Reached XP level 7. HP: 40/43 MP: 7/7
  2587 | D:4      | Reached skill level 7 in Ranged Weapons
  2695 | D:4      | Noticed Natasha
  2697 | D:4      | 2697 ||| RETREATING.
  2699 | D:4      | 2699 ||| Stepping ~*~*~tactically~*~*~ (retreating).
  2707 | D:4      | Killed Natasha
  2710 | D:4      | Noticed Natasha
  2714 | D:4      | Killed Natasha
  2870 | D:4      | Reached skill level 8 in Ranged Weapons
  2909 | D:4      | Found a large runed translucent door.
  2911 | D:4      | Found a large runed translucent door.
  3018 | D:4      | 3018 ||| UPGRADING to +0 pair of boots.
  3023 | D:4      | 3023 ||| DROPPING +6 ring of intelligence.
  3024 | D:4      | 3024 ||| READING scroll labelled HAOWYA MINOTUA.
  3025 | D:4      | 3025 ||| READING scroll labelled GIASER SUEM.
  3026 | D:4      | 3026 ||| DRINKING 2 bubbling white potions.
  3027 | D:4      | 3027 ||| READING 3 scrolls of identify.
  3027 | D:4      | 3027 ||| IDENTIFYING cyan potion
  3028 | D:4      | 3028 ||| READING 2 scrolls of identify.
  3028 | D:4      | 3028 ||| IDENTIFYING amethyst potion
  3029 | D:4      | 3029 ||| DROPPING potion of attraction.
  3052 | D:5      | Entered Level 5 of the Dungeon
  3053 | D:5      | 3053 ||| PLANNING SEWER
  3057 | D:5      | 3057 ||| STAIRDANCE
  3062 | D:4      | Reached XP level 8. HP: 48/48 MP: 8/8
  3156 | D:5      | Found Mydekk's General Store.
  3164 | D:5      | 3164 ||| BUYING scroll of enchant weapon (97 gold).
  3164 | D:5      | Bought a scroll of enchant weapon for 97 gold pieces
  3164 | D:5      | 3164 ||| READING scroll of enchant weapon.
  3164 | D:5      | 3164 ||| ENCHANTING +0 shortbow of flaming.
  3170 | D:5      | Found Dejock's Assorted Antiques.
  3172 | D:5      | Identified the +0 leather armour of Past Mistakes {Int-4
                  | Dex+5}
  3178 | D:5      | Found Icuomnyo's Armour Shop.
  3178 | D:5      | Found Isiarr's Assorted Antiques.
  3188 | D:5      | 3188 ||| BUYING glowing leather armour (145 gold).
  3188 | D:5      | Bought a glowing leather armour for 145 gold pieces
  3188 | D:5      | 3188 ||| BUYING lumpy blue potion (26 gold).
  3188 | D:5      | Bought a lumpy blue potion for 26 gold pieces
  3188 | D:5      | 3188 ||| SHOPLISTING pair of runed boots (217 gold, have
                  | 49).
  3188 | D:5      | 3188 ||| BUYING puce potion (26 gold).
  3188 | D:5      | Bought a puce potion for 26 gold pieces
  3188 | D:5      | 3188 ||| SHOPLISTING scroll of identify (58 gold, have 23).
  3188 | D:5      | 3188 ||| SHOPLISTING shiny brass wand (116 gold, have 23).
  3188 | D:5      | Found Bytaj's General Store.
  3193 | D:5      | 3193 ||| RETREATING.
  3196 | D:5      | 3196 ||| Stepping ~*~*~tactically~*~*~ (retreating).
  3197 | D:5      | 3197 ||| Stepping ~*~*~tactically~*~*~ (retreating).
  3198 | D:5      | 3198 ||| Stepping ~*~*~tactically~*~*~ (retreating).
  3199 | D:5      | 3199 ||| Stepping ~*~*~tactically~*~*~ (retreating).
  3200 | D:5      | 3200 ||| Stepping ~*~*~tactically~*~*~ (retreating).
  3201 | D:5      | 3201 ||| Stepping ~*~*~tactically~*~*~ (retreating).
  3201 | D:5      | Found Ycuynex's Armour Shop.
  3268 | D:5      | Identified the +6 hand axe "Miol" {heavy, rElec rC- Int+7
                  | Dex+2}
  3312 | D:5      | Found a glowing drain.
  3315 | D:5      | 3315 ||| UPGRADING to +0 leather armour of Past Mistakes
                  | {Int-4 Dex+5}.
  3325 | D:5      | 3325 ||| DROPPING +0 ring mail.
  3326 | D:5      | 3326 ||| DROPPING +2 leather armour of cold resistance.
  3327 | D:5      | 3327 ||| DRINKING 2 puce potions.
  3366 | D:5      | 3366 ||| READING 2 scrolls of identify.
  3366 | D:5      | 3366 ||| IDENTIFYING glowing clear potion
  3367 | D:5      | 3367 ||| DROPPING potion of lignification.
  3376 | Sewer    | Entered a sewer
  3395 | Sewer    | 3395 ||| Stepping ~*~*~tactically~*~*~ (water).
  3397 | Sewer    | 3397 ||| Stepping ~*~*~tactically~*~*~ (water).
  3399 | Sewer    | 3399 ||| Stepping ~*~*~tactically~*~*~ (water).
  3401 | Sewer    | 3401 ||| Stepping ~*~*~tactically~*~*~ (water).
  3458 | Sewer    | 3458 ||| Stepping ~*~*~tactically~*~*~ (water).
  3460 | Sewer    | 3460 ||| Stepping ~*~*~tactically~*~*~ (water).
  3462 | Sewer    | 3462 ||| Stepping ~*~*~tactically~*~*~ (water).
  3490 | Sewer    | 3490 ||| Stepping ~*~*~tactically~*~*~ (water).
  3492 | Sewer    | 3492 ||| Stepping ~*~*~tactically~*~*~ (water).
  3494 | Sewer    | 3494 ||| Stepping ~*~*~tactically~*~*~ (water).
  3503 | Sewer    | Reached skill level 9 in Ranged Weapons
  3529 | Sewer    | 3529 ||| READING scroll of enchant armour.
  3529 | Sewer    | 3529 ||| ENCHANTING +0 pair of boots.
  3663 | Sewer    | 3663 ||| Stepping ~*~*~tactically~*~*~ (water).
  3861 | Sewer    | 3861 ||| READING scroll labelled TAIREG LIAKHEPT.
  3884 | D:5      | 3884 ||| PLANNING D:1-11
  3907 | D:5      | 3907 ||| SHOPLISTING potion of mutation (120 gold, have
                  | 113).
  3907 | D:5      | 3907 ||| BUYING scroll of identify (30 gold).
  3907 | D:5      | Bought a scroll of identify for 30 gold pieces
  3927 | D:5      | 3927 ||| BUYING metallic cyan potion (20 gold).
  3927 | D:5      | Bought a metallic cyan potion for 20 gold pieces
  3927 | D:5      | 3927 ||| BUYING scroll labelled CAHIUVAVOG (23 gold).
  3927 | D:5      | Bought a scroll labelled CAHIUVAVOG for 23 gold pieces
  3927 | D:5      | 3927 ||| BUYING scroll of identify (46 gold).
  3927 | D:5      | Bought a scroll of identify for 46 gold pieces
  3927 | D:5      | 3927 ||| SHOPLISTING scroll of identify (46 gold, have 10).
  3982 | D:5      | Reached skill level 3 in Dodging
  4039 | D:5      | Reached skill level 6 in Fighting
  4051 | D:5      | Found Ufoolis's Antique Weapon Shop.
  4167 | D:5      | 4167 ||| READING scroll labelled CAHIUVAVOG.
  4168 | D:5      | 4168 ||| READING 3 scrolls of identify.
  4168 | D:5      | 4168 ||| IDENTIFYING metallic cyan potion
  4169 | D:5      | 4169 ||| READING 2 scrolls of identify.
  4169 | D:5      | 4169 ||| IDENTIFYING white potion
  4213 | D:6      | Reached XP level 9. HP: 55/55 MP: 9/9
  4219 | D:6      | 4219 ||| RETREATING.
  4220 | D:6      | 4220 ||| Stepping ~*~*~tactically~*~*~ (retreating).
  4221 | D:6      | 4221 ||| Stepping ~*~*~tactically~*~*~ (retreating).
  4245 | D:6      | Reached skill level 10 in Ranged Weapons
  4324 | D:6      | Found Cylam's Distillery.
  4345 | D:6      | 4345 ||| BUYING potion of curing (45 gold).
  4345 | D:6      | Bought a potion of curing for 45 gold pieces
  4345 | D:6      | 4345 ||| SHOPLISTING potion of curing (45 gold, have 18).
  4345 | D:6      | 4345 ||| SHOPLISTING potion of enlightenment (75 gold, have
                  | 18).
  4345 | D:6      | 4345 ||| SHOPLISTING potion of mutation (120 gold, have
                  | 18).
  4750 | D:6      | 4750 ||| SWAPPING to +0 orcbow.
  4752 | D:6      | 4752 ||| DROPPING +1 shortbow of flaming.
  4856 | D:6      | Found an ancient bone altar of Kikubaaqudgha.
  4885 | D:6      | 4885 ||| READING 3 scrolls of identify.
  4885 | D:6      | 4885 ||| IDENTIFYING black potion
  4886 | D:6      | 4886 ||| READING 2 scrolls of identify.
  4886 | D:6      | 4886 ||| IDENTIFYING smoky silvery potion
  4887 | D:6      | 4887 ||| DROPPING potion of invisibility.
  4888 | D:6      | 4888 ||| DROPPING potion of magic.
  5089 | D:7      | Noticed Pikel
  5091 | D:7      | 5091 ||| RETREATING.
  5098 | D:7      | Killed Pikel
  5099 | D:7      | Reached skill level 11 in Ranged Weapons
  5161 | D:7      | Found a staircase to the Ecumenical Temple.
  5162 | D:7      | 5162 ||| PLANNING TEMPLE
  5162 | D:7      | 5162 ||| READING 2 scrolls of identify.
  5162 | D:7      | 5162 ||| IDENTIFYING coppery potion
  5163 | D:7      | 5163 ||| DROPPING potion of brilliance.
  5174 | D:7      | Reached XP level 10. HP: 63/63 MP: 10/10
  5175 | Temple   | Entered the Ecumenical Temple
  5176 | Temple   | 5176 ||| PLANNING OKAWARU WORSHIP
  5190 | Temple   | Became a worshipper of Warmaster Okawaru
  5191 | Temple   | 5191 ||| PLANNING D:1-11
  5325 | D:7      | 5325 ||| RETREATING.
  5332 | D:7      | 5332 ||| Stepping ~*~*~tactically~*~*~ (outnumbered).
  5334 | D:7      | 5334 ||| Stepping ~*~*~tactically~*~*~ (outnumbered).
  5335 | D:7      | 5335 ||| Stepping ~*~*~tactically~*~*~ (outnumbered).
  5836 | D:7      | 5836 ||| DROPPING amulet of magic regeneration.
  5837 | D:7      | 5837 ||| READING 3 scrolls of identify.
  5837 | D:7      | 5837 ||| IDENTIFYING lumpy blue potion
  5838 | D:7      | 5838 ||| DROPPING potion of berserk rage.
  6051 | D:8      | Found a sacrificial altar of Ru.
  6051 | D:8      | Found an ornate altar of the Wu Jian Council.
  6069 | D:8      | Noticed a two-headed ogre
  6076 | D:8      | Killed a two-headed ogre
  6077 | D:8      | Reached skill level 9 in Fighting
  6323 | D:8      | 6323 ||| RETREATING.
  6328 | D:8      | Reached skill level 12 in Ranged Weapons
  6418 | D:8      | Noticed Gastronok
  6422 | D:8      | 6422 ||| FLEEEEING.
  6423 | D:8      | 6423 ||| FLEEEEING.
  6479 | D:8      | Killed Gastronok
  6479 | D:8      | Reached * piety under Okawaru
  6480 | D:8      | Reached skill level 6 in Dodging
  6791 | D:8      | 6791 ||| UPGRADING to +0 cloak.
  6822 | D:9      | Noticed a tengu warrior
  6824 | D:9      | 6824 ||| Stepping ~*~*~tactically~*~*~ (outnumbered).
  6825 | D:9      | 6825 ||| FLEEEEING.
  6826 | D:9      | 6826 ||| STAIRDANCE
  6841 | D:9      | 6841 ||| STAIRDANCE
  6848 | D:9      | 6848 ||| STAIRDANCE
  6860 | D:9      | 6860 ||| STAIRDANCE
  6863 | D:8      | Reached skill level 1 in Invocations
  6865 | D:9      | 6865 ||| STAIRDANCE
  6882 | D:9      | Noticed a cyclops
  6883 | D:9      | 6883 ||| INVOKING Heroism.
  6897 | D:9      | 6897 ||| STAIRDANCE
  6926 | D:9      | Noticed a centaur warrior
  6927 | D:9      | 6927 ||| STAIRDANCE
  6927 | D:9      | HP: 7/66 [tengu warrior/bolt (21)]
  6927 | D:9      | Killed from afar by an efreet

Levels and vault maps discovered:
D:1:      minmay_arrival_shattered_statue, layout_basic
D:2:      layout_loops_ring, minmay_misc_feat_enclosed,
          minmay_misc_feat_four_crosses, minmay_stone_trees_small,
          minmay_misc_feat_encased, uniq_terence
D:3:      layout_basic, nicolae_uskayaw_dance_hall, serial_shops, shop_statue
D:4:      layout_rooms, jmf_multi_god_temple2, minmay_joined_circles,
          uniq_blork_the_orc, uniq_natasha
D:5:      layout_cave_pools, cheibrodos_sewer_entry_drain, serial_shops,
          nicolae_shop_getting_attention, nicolae_shop_trees, shop,
          minmay_shop_grid_forest, minivault_11
D:6:      layout_loops_ring, lemuel_mausoleum_altar_kikubaaqudgha, serial_shops,
          shop
D:7:      layout_loops_corners, minmay_temple_entry_ruins,
          nicolae_elevator_lobby_plus, uniq_pikel
D:8:      layout_gridville, nicolae_overflow_hidden_temple,
          minmay_misc_feat_doors, eino_tiny_chamber, uniq_gastronok
D:9:      minmay_cut_squares, layout_cross, st_stairs_4
Temple:   cyrus_circular_temple

Skill      XL: |  1  2  3  4  5  6  7  8  9 10 |
---------------+-------------------------------+-----
Ranged Weapons | 5 6 8 9 11 12 | 12.2
Fighting       | 3 4 6 7 9 |  9.0
Armour         | 3 |  3.4
Dodging        | 2 3 4 6 |  6.1
Invocations    | 2 |  2.0
Stealth        | |  1.1

Action                     |  1- 3 |  4- 6 |  7- 9 | 10-12 || total
---------------------------+-------+-------+-------+-------++-------
   Fire: Shortbow          |    94 |   202 |   276 |       ||   572
         Orcbow            |       |       |    76 |   131 ||   207
 Invoke: Heroism           |       |       |       |     1 ||     1
    Use: Scroll            |     4 |     6 |    14 |     1 ||    25
         Potion            |     1 |       |     2 |       ||     3
 Armour: Leather armour    |    22 |    46 |    60 |    36 ||   164
         Ring mail         |       |    89 |    68 |       ||   157
  Dodge: Dodged            |    26 |    99 |   165 |    47 ||   337

Table legend:
 A = Non-vault XP
 B = Vault XP
 C = Vault XP percentage of total XP
 D = Non-vault monster count
 E = Vault monster count
 F = Vault count percentage of total count
                 A         B        C        D         E       F
            +---------+---------+-------+---------+---------+-------
      Total |    5559 |    3324 |  37.4 |     139 |      56 |  28.7
            +---------+---------+-------+---------+---------+-------
        D:1 |      25 |       0 |   0.0 |      14 |       0 |   0.0
        D:2 |     188 |      36 |  16.1 |      24 |       1 |   4.0
        D:3 |      95 |       0 |   0.0 |      10 |       0 |   0.0
        D:4 |     502 |     384 |  43.3 |      24 |      15 |  38.5
        D:5 |     835 |      12 |   1.4 |      20 |       3 |  13.0
        D:6 |    1095 |     704 |  39.1 |      16 |      12 |  42.9
        D:7 |     375 |     607 |  61.8 |      11 |       1 |   8.3
        D:8 |    2143 |    1450 |  40.4 |      15 |       1 |   6.2
        D:9 |     301 |       0 |   0.0 |       5 |       0 |   0.0
      Sewer |       0 |     131 | 100.0 |       0 |      23 | 100.0
            +---------+---------+-------+---------+---------+-------
